 Dungeon Crawl Stone Soup version 0.30-a0-174-gbc10bd73c2 (webtiles) character file.

Game seed: 9560034683974271402

84 qw the Chopper (level 4, -3/28 HPs)
             Began as a Gargoyle Fighter on Oct 1, 2022.
             Killed by nerve-wracking pain
             ... invoked by Grinder
              (4 damage)
             ... on level 4 of the Dungeon.
             The game lasted 00:00:40 (1703 turns).

qw the Chopper (Gargoyle Fighter)                   Turns: 1703, Time: 00:00:41

Health: -3/28      AC: 10    Str: 22    XL:     4   Next: 46%
Magic:  4/4        EV:  9    Int:  8    God:
Gold:   42         SH:  4    Dex:  9    Spells: 3/3 levels left

rFire   . . .      SeeInvis .    Y - +1 war axe
rCold   . . .      Faith    .    c - +0 buckler
rNeg    + . .      Spirit   .    b - +0 scale mail
rPois   inf        Reflect  .    (no helmet)
rElec   +          Harm     .    (no cloak)
rCorr   .          Rampage  .    (no gloves)
Will    .....                    (no boots)
Stlth   ..........               (no amulet)
HPRegen 0.24/turn                (no ring)
MPRegen 0.09/turn                (no ring)

@: no status effects
A: sickness immunity, AC +3, negative energy resistance 1, electricity
resistance, torment resistance 1, petrification resistance
a: no special abilities


You were on level 4 of the Dungeon.
You visited 1 branch of the dungeon, and saw 3 of its levels.

You collected 117 gold pieces.
You spent 75 gold pieces at shops.


Innate Abilities, Weirdness & Mutations

You are immune to sickness and miasma.
Your stone body is resilient. (AC +3)
You are immune to poison.
You resist negative energy. (rN+)
You are resistant to electric shocks. (rElec)
You are resistant to unholy torment.
You are immune to petrification.


   Skills:
 - Level 3.2 Fighting
 + Level 4.1 Axes
 - Level 3.2 Armour
 - Level 3.2 Shields


You had 3 spell levels left.
You didn't know any spells.
Your spell library was empty.

Inventory:

Hand Weapons
 m - a +0 whip
 Y - a +1 war axe (weapon)
Armour
 b - a +0 scale mail (worn)
 c - a +0 buckler (worn)
Scrolls
 a - a scroll of identify
 e - a scroll of noise {unknown}
 f - a scroll of teleportation
Potions
 d - a potion of might
 g - a potion of resistance {unknown}
 i - a potion of lignification
 n - a potion of curing {unknown}

Dungeon Overview and Level Annotations

Branches:
Dungeon (4/15)             Temple (0/1) D:4

Altars:

Shops:
D:2 (?(=

Annotations:
D:4 Grinder


Message History

Grinder is moderately wounded.
You slash the endoplasm!
You kill the endoplasm!
Grinder hits you.
You writhe in agony.
You closely miss Grinder.
Grinder is moderately wounded.
Grinder misses you.
You closely miss Grinder.
Grinder is moderately wounded.
Grinder blinks!
Found a stone staircase leading up.
You hit Grinder.
Grinder is moderately wounded.
An adder comes into view.
You block Grinder's attack.
You closely miss Grinder.
Grinder is moderately wounded.
Grinder says, "I used to sell toenails on the black market."
Grinder closely misses you.
You barely miss Grinder.
Grinder is moderately wounded.
Grinder gestures at you. Pain shoots through your body! Grinder hits you.
You closely miss Grinder.
Grinder is moderately wounded.
Grinder hits you.
You writhe in agony.
You hit Grinder.
Grinder is moderately wounded.
You hit the adder. You block the adder's attack. Grinder gestures at you.
Pain shoots through your body! The adder bites you but does no damage.
You slash Grinder!
Grinder is severely wounded.
You hit the adder. The adder barely misses you. Grinder hits you!
The adder barely misses you.
Grinder says, "DUCK!"
Grinder gestures at you. Pain shoots through your body!
You die...

. ..## ####### .# ...#
......########.## #.. .
................. #.#..
#...........## # #...# .
#.........# #.# #....
.####.##....#.#####...#
..#..
....#.##.#.....:.S...###
....#.
......#####.....@5.....#
..### #
.......#.##.##......##.<
...
####.....##.##..#...#
#>##
#........######..... #.
#........##### ...##
#...#.....#..# ..##
##...........##..#
####.......... .#
##.#.......


You could see Grinder and an adder.

Vanquished Creatures
  An adder (D:4)
  3 worms
  2 dart slugs
  4 ball pythons
  3 bats
  6 endoplasms
  14 giant cockroaches
  6 goblins
  5 hobgoblins (D:1)
  3 kobolds
  3 quokkas
  A rat (D:2)
51 creatures vanquished.

Vanquished Creatures (others)
  2 plants (D:2)
2 creatures vanquished.

Grand Total: 53 creatures vanquished

Notes
Turn   | Place    | Note
-------+----------+-------------------------------------------
     0 | D:1      | qw the Gargoyle Fighter began the quest for the Orb.
     0 | D:1      | Reached XP level 1. HP: 14/14 MP: 1/1
     0 | D:1      | 0 ||| qw: Version: 0.2-a-13-gfc7b4b4
     0 | D:1      | 0 ||| qw: Game counter: 1923
     0 | D:1      | 0 ||| qw: Always use a shield: true
     0 | D:1      | 0 ||| qw: God list: Okawaru
     0 | D:1      | 0 ||| qw: Allow faded altars: false
     0 | D:1      | 0 ||| qw: Do Orc after D:15 true
     0 | D:1      | 0 ||| qw: Do second Lair branch before Depths: true
     0 | D:1      | 0 ||| qw: Lair rune preference: random
     0 | D:1      | 0 ||| qw: Plans: Normal, Zot:1-4, God:TSO, Crypt, Tomb,
                  | Pan, Slime:5, Hells, Abyss, Orb
     0 | D:1      | 0 ||| PLANNING D:1-11
    17 | D:1      | Reached skill level 2 in Axes
   220 | D:1      | Reached XP level 2. HP: 19/19 MP: 2/2
   285 | D:1      | 285 ||| Stepping ~*~*~tactically~*~*~ (stealth).
   295 | D:1      | 295 ||| Stepping ~*~*~tactically~*~*~ (stealth).
   299 | D:1      | 299 ||| Stepping ~*~*~tactically~*~*~ (stealth).
   300 | D:1      | 300 ||| Stepping ~*~*~tactically~*~*~ (stealth).
   309 | D:1      | 309 ||| Stepping ~*~*~tactically~*~*~ (stealth).
   386 | D:1      | 386 ||| Stepping ~*~*~tactically~*~*~ (stealth).
   463 | D:1      | Reached skill level 3 in Axes
   466 | D:1      | 466 ||| DROPPING +0 club.
   568 | D:1      | Reached XP level 3. HP: 23/23 MP: 3/3
   684 | D:1      | 684 ||| Stepping ~*~*~tactically~*~*~ (stealth).
   763 | D:1      | 763 ||| DROPPING amulet of faith.
   764 | D:1      | 764 ||| READING scroll labelled MUXTYWKYUV.
   765 | D:1      | 765 ||| READING scroll labelled QOINUSTRUOCS.
   766 | D:1      | 766 ||| READING 2 scrolls labelled KANIECKOYLI.
   767 | D:1      | 767 ||| READING scroll labelled ESKI UDARI.
   768 | D:1      | 768 ||| READING scroll labelled KIAPAEX ZATH.
   769 | D:1      | 769 ||| DROPPING scroll of magic mapping.
   809 | D:2      | Found Dekhly's Magic Scroll Emporium.
   819 | D:2      | 819 ||| SHOPLISTING scroll of brand weapon (95 gold, have
                  | 83).
   819 | D:2      | 819 ||| BUYING scroll of enchant weapon (75 gold).
   819 | D:2      | Bought a scroll of enchant weapon for 75 gold pieces
   819 | D:2      | 819 ||| SHOPLISTING scroll of identify (20 gold, have 8).
   819 | D:2      | 819 ||| READING scroll of enchant weapon.
   819 | D:2      | 819 ||| ENCHANTING +0 war axe.
   837 | D:2      | Found Guebutos's Weapon Shop.
   886 | D:2      | Found Curigg's Antique Weapon Boutique.
   894 | D:2      | 894 ||| SHOPLISTING runed flail (162 gold, have 17).
  1045 | D:2      | 1045 ||| Stepping ~*~*~tactically~*~*~ (hiding).
  1266 | D:2      | Reached XP level 4. HP: 28/28 MP: 4/4
  1462 | D:2      | Found Gathruz's Jewellery Shoppe.
  1467 | D:2      | You fall into a shaft and drop 2 floors!
  1467 | D:4      | Found a staircase to the Ecumenical Temple.
  1468 | D:4      | 1468 ||| PLANNING TEMPLE
  1468 | D:4      | 1468 ||| READING 2 scrolls labelled ISUZIPR ESETZ.
  1479 | D:4      | 1479 ||| DRINKING 2 metallic coppery potions.
  1480 | D:4      | 1480 ||| DRINKING 2 bubbling red potions.
  1523 | D:4      | 1523 ||| READING 2 scrolls of identify.
  1523 | D:4      | 1523 ||| IDENTIFYING fizzy dark potion
  1524 | D:4      | 1524 ||| DROPPING potion of magic.
  1525 | D:4      | 1525 ||| DROPPING potion of invisibility.
  1570 | D:4      | Reached skill level 4 in Axes
  1688 | D:4      | Noticed Grinder
  1689 | D:4      | Paralysed by Grinder for 3 turns
  1703 | D:4      | HP: 1/28 [Grinder (8)]
  1703 | D:4      | Killed from afar by Grinder

Levels and vault maps discovered:
D:1:      shiori_arrival_whats_in_store_for_you, layout_loops_ring
D:2:      minmay_roachtagon, layout_loops_ring, serial_shops,
          nicolae_shop_statue_plus, nicolae_shop_crystal, shop, shop_fountains,
          serial_bayou_lagoon_a
D:4:      layout_rooms, nicolae_vehumet_altar_sigil, minmay_temple_entry_arrows,
          hangedman_decor_growths, uniq_grinder

Skill      XL: |  1  2  3  4 |
---------------+-------------+-----
Axes           | 2 3 4 |  4.1
Fighting       | |  3.2
Armour         | |  3.2
Shields        | |  3.2

Action                   |  1- 3 |  4- 6 || total
-------------------------+-------+-------++-------
Melee: War axe           |    83 |    35 ||   118
  Use: Scroll            |     6 |     2 ||     8
       Potion            |       |     2 ||     2
Armor: Scale mail        |    55 |    10 ||    65
Dodge: Dodged            |    44 |    12 ||    56
Block: Buckler           |    16 |     5 ||    21

Table legend:
 A = Non-vault XP
 B = Vault XP
 C = Vault XP percentage of total XP
 D = Non-vault monster count
 E = Vault monster count
 F = Vault count percentage of total count
                 A         B        C        D         E       F
            +---------+---------+-------+---------+---------+-------
      Total |      99 |      22 |  18.2 |      40 |      11 |  21.6
            +---------+---------+-------+---------+---------+-------
        D:1 |      36 |       0 |   0.0 |      19 |       0 |   0.0
        D:2 |      33 |      22 |  40.0 |      14 |      11 |  44.0
        D:4 |      30 |       0 |   0.0 |       7 |       0 |   0.0
            +---------+---------+-------+---------+---------+-------
